 Dungeon Crawl Stone Soup version 0.23-a0-844-gdc03e01 (webtiles) character file.

9010 Orphidia the Covert (level 11, -8/81 HPs)
             Began as a Gnoll Enchanter on Jan 26, 2019.
             Was a Priest of Dithmenos.
             Mangled by an eight-headed hydra (12 damage)
             ... on level 11 of the Dungeon.
             The game lasted 00:25:23 (9723 turns).

Orphidia the Covert (Gnoll Enchanter)               Turns: 9723, Time: 00:25:24

Health: -8/81      AC:  9    Str: 11    XL:     11   Next: 39%
Magic:  14/23      EV: 17    Int: 19    God:    Dithmenos [***...]
Gold:   514        SH:  0    Dex: 17    Spells: 13/26 levels left

rFire    + . .     SeeInvis .   D - +4 quick blade
rCold    . . .     Gourm    .   (no shield)
rNeg     . . .     Faith    .   b - +0 robe
rPois    .         Spirit   .   l - +0 helmet
rElec    .         Reflect  .   w - +2 cloak {MR+}
rCorr    .         Harm     .   G - +1 pair of gloves {archery}
MR       +....                  (no boots)
Stlth    ++++++....             (no amulet)
HPRegen  0.23/turn              u - ring of protection from fire
MPRegen  0.18/turn              r - +1 ring of protection

@: wreathed by umbra
A: distributed training, fangs 1, deformed body, strong nose
a: Shadow Step, Renounce Religion


You were on level 11 of the Dungeon.
You worshipped Dithmenos.
Dithmenos was most pleased with you.
You were not hungry.

You visited 2 branches of the dungeon, and saw 12 of its levels.

You collected 559 gold pieces.
You spent 45 gold pieces at shops.


Innate Abilities, Weirdness & Mutations

Your experience applies equally to all skills.
You have very sharp teeth.
Your uncanny sense of smell can sniff out nearby items.
Armour fits poorly on your strangely shaped body.


   Skills:
 + Level 6.1 Fighting
 + Level 6.7 Short Blades
 + Level 6.1 Long Blades
 + Level 6.1 Axes
 + Level 6.1 Maces & Flails
 + Level 6.1 Polearms
 + Level 6.1 Staves
 + Level 6.1 Slings
 + Level 6.1 Bows
 + Level 6.1 Crossbows
 + Level 6.1 Throwing
 + Level 6.1 Armour
 + Level 7.7 Dodging
 + Level 8.7 Stealth
 + Level 6.1 Shields
 + Level 6.1 Unarmed Combat
 + Level 8.0 Spellcasting
 + Level 5.1 Conjurations
 + Level 7.5 Hexes
 + Level 5.1 Charms
 + Level 5.1 Summonings
 + Level 5.1 Necromancy
 + Level 5.1 Translocations
 + Level 5.1 Transmutations
 + Level 5.1 Fire Magic
 + Level 5.1 Ice Magic
 + Level 5.1 Air Magic
 + Level 5.1 Earth Magic
 + Level 5.1 Poison Magic
 + Level 6.7 Invocations
 + Level 6.1 Evocations


You had 13 spell levels left.
You knew the following spells:

 Your Spells              Type           Power        Failure   Level  Hunger
A - Corona                Hex            #####..      1%          1    None
B - Ensorcelled Hibernat  Hex/Ice        ####..       1%          2    None
C - Confuse               Hex            #####...     1%          3    None
D - Tukima's Dance        Hex            #####...     1%          3    None
E - Cause Fear            Hex            #####.....   4%          4    ###....

Your spell library contained the following spells:

 Spells                   Type           Power        Failure   Level  Hunger
 Magic Dart               Conj           ####         1%          1    None
 Searing Ray              Conj           ####..       1%          2    None
 Slow                     Hex            #####...     1%          2    None
 Dazzling Spray           Conj/Hex       ####..       1%          3    None
 Inner Flame              Hex/Fire       ####....     1%          3    None
 Portal Projectile        Hex/Tloc       ####..       1%          3    None
 Fulminant Prism          Conj/Hex       ####......   7%          4    ###....
 Leda's Liquefaction      Hex/Erth       ####......   7%          4    ###....
 Force Lance              Conj/Tloc      ####....     11%         4    ###....
 Iskenderun's Mystic Bla  Conj           ####....     11%         4    ###....

Action                   |  1- 3 |  4- 6 |  7- 9 | 10-12 || total
-------------------------+-------+-------+-------+-------++-------
Melee: Dagger            |   116 |   102 |       |       ||   218
       Bite              |     8 |    10 |    16 |    17 ||    51
       Triple sword      |       |    13 |   124 |       ||   137
       Quick blade       |       |       |    47 |   211 ||   258
       Punch             |       |       |     1 |     8 ||     9
 Cast: Ensorcelled Hiber |    12 |    16 |    19 |    49 ||    96
       Tukima's Dance    |       |     3 |     4 |    16 ||    23
       Confuse           |       |     2 |    10 |    15 ||    27
       Cause Fear        |       |       |     2 |     1 ||     3
       Corona            |       |       |     1 |     1 ||     2
  Use: Scroll            |       |    11 |    11 |     1 ||    23
 Stab: Sleeping          |    11 |    15 |    24 |    43 ||    93
       Distracted        |     1 |       |     1 |       ||     2
       Confused          |       |     1 |     7 |    11 ||    19
  Eat: Chunk             |     1 |     7 |    11 |     7 ||    26
       Ration            |       |       |     1 |       ||     1
Armor: Robe              |    13 |    21 |    39 |    34 ||   107
Dodge: Dodged            |    83 |    79 |   142 |    77 ||   381
       Rpst.: Triple sword |       |     3 |    33 |       ||    36

Inventory:

Hand Weapons
 a - a +2 dagger
 s - the +11 plutonium sword {*Contam Stlth-}
   (You found it on level 4 of the Dungeon)

   It causes magical contamination when unequipped.
   It makes you less stealthy.
 C - a +2 short sword of venom
 D - a +4 quick blade (weapon)
Armour
 b - a +0 robe (worn)
 l - a +0 helmet (worn)
 w - a +2 cloak of magic resistance (worn)
 G - a +1 pair of gloves of archery (worn)
Jewellery
 e - an uncursed ring of wizardry
 r - a +1 ring of protection (right hand)
 u - a ring of protection from fire (left hand)
Wands
 j - a wand of disintegration (23)
 y - a wand of paralysis (9)
 z - a wand of flame (31)
 F - a wand of clouds (6)
Scrolls
 k - 7 scrolls of remove curse
 m - 2 scrolls of magic mapping
 t - a scroll of amnesia
 x - 4 scrolls of enchant armour
 A - a scroll of fog
 B - a scroll of teleportation
 E - a scroll of identify
Potions
 c - 6 potions of curing
 f - 2 potions of brilliance
 g - 3 potions of flight
 i - a potion of mutation
 n - a potion of heal wounds
 o - 2 potions of might
 p - a potion of invisibility
 q - a potion of agility
 v - a potion of berserk rage
 I - 2 potions of lignification
Miscellaneous
 h - a box of beasts
Comestibles
 d - 14 rations
 H - 5 chunks of flesh {@w1}

#.########
#........#
########.# #.#
########## #.#
).$......# #.#
.........# #.#
.........###.##
.?..$....D@..>#
.........###..#
.........# #..#
#.######## #..#
#†÷# #..# #..#
#..# ...#


You could see an eight-headed hydra.

Vanquished Creatures
  4 two-headed ogres
  A gargoyle (D:11)
  A centaur skeleton (D:9)
  14 yaks
  A hungry ghost (D:10)
  Duvessa (D:4)
  A water moccasin (D:7)
  4 orc warriors
  A black bear (D:8)
  A hornet zombie (D:6)
  3 ice beasts
  A phantom (D:7)
  A wolf (D:4)
  2 necrophages
  6 ogres
  3 centaurs
  A crocodile (D:10)
  Blork the orc (D:6)
  9 bullfrogs
  A gnoll sergeant (D:10)
  Dowan (D:4)
  A scorpion (D:7)
  2 wyvern skeletons
  3 killer bees (D:7)
  2 crimson imps
  A bullfrog zombie (D:10)
  3 jellies
  6 orc priests
  A hound (D:8)
  2 bullfrog skeletons
  Terence (D:2)
  3 iguanas
  8 orc wizards
  4 worker ants
  A hound zombie (D:7)
  2 worker ant zombies
  8 gnolls
  14 adders
  3 shadow imps
  An ooze (D:1)
  An adder skeleton (D:5)
  2 worms
  2 dart slugs (D:1)
  4 leopard geckos
  34 orcs
  A ball python (D:2)
  5 bats
  7 giant cockroaches
  5 hobgoblins
  4 jackals (D:1)
  4 quokkas
  A ball python skeleton (D:5)
  9 frilled lizards
  10 goblins
  4 kobolds
  2 quokka zombies
  8 rats
227 creatures vanquished.

Vanquished Creatures (collateral kills)
  A gnoll (D:10)
  An orc (D:9)
2 creatures vanquished.

Vanquished Creatures (others)
  5 dancing weapons
  14 plants (D:10)
19 creatures vanquished.

Grand Total: 248 creatures vanquished

Vault maps used:
D:1:      mrwooster_arrival_statue, minmay_misc_feat_columns
D:2:      lemuel_round_altar, dancing_weapons_uskayaw
D:3:      lemuel_crystal_altar, ebering_ghost_sewer_d, uniq_terence
D:4:      bloody_makhleb, gammafunk_ghost_icy, uniq_duvessa
D:5:      minmay_temple_entry_offerings, first_ration, trog_book, uniq_pikel
D:6:      vehumet_altar_wand_db, nemelex_spade_bored_becter, uniq_blork_the_orc
D:7:      kennysheep_mini_moat, serial_shops, shop_statue, shop
D:9:      grunt_qazlal_sundering, grunt_gozag_breadcrumbs
D:10:     david_lair_shrubbed, uniq_nergalle, uniq_snorg, uniq_erica
D:11:     orc_david_3, serial_shops, shop, uniq_sonja
Temple:   nicolae_temple_great_sept


Message History

The eight-headed hydra barely misses you.
The eight-headed hydra misses you.
The eight-headed hydra closely misses you.
The eight-headed hydra bites you!
The eight-headed hydra bites you but does no damage.
The eight-headed hydra bites you!
* * * LOW HITPOINT WARNING * * *
The eight-headed hydra closely misses you.
The eight-headed hydra bites you but does no damage.
Casting: Confuse (safe; 1% risk of failure)
Confirm with . or Enter, or press ? or * to list all spells.
The eight-headed hydra resists with almost no effort.
The eight-headed hydra bites you!
* * * LOW HITPOINT WARNING * * *
The eight-headed hydra bites you but does no damage. x2
The eight-headed hydra bites you!
* * * LOW HITPOINT WARNING * * *
The eight-headed hydra bites you but does no damage.
The eight-headed hydra bites you!
You die...

Notes
Turn   | Place    | Note
-------+----------+-------------------------------------------
     0 | D:1      | Orphidia the Gnoll Enchanter began the quest for the Orb.
     0 | D:1      | Reached XP level 1. HP: 13/13 MP: 6/6
   304 | D:1      | Reached XP level 2. HP: 19/19 MP: 7/7
   330 | D:1      | Learned a level 2 spell: Ensorcelled Hibernation
   585 | D:1      | Reached XP level 3. HP: 24/25 MP: 3/9
   611 | D:1      | Reached skill level 5 in Spellcasting
   703 | D:1      | Reached skill level 1 in Invocations
   988 | D:2      | Reached skill level 1 in Fighting
   988 | D:2      | Reached skill level 1 in Long Blades
   988 | D:2      | Reached skill level 1 in Axes
   988 | D:2      | Reached skill level 1 in Maces & Flails
   988 | D:2      | Reached skill level 1 in Polearms
   988 | D:2      | Reached skill level 1 in Staves
   988 | D:2      | Reached skill level 1 in Slings
   988 | D:2      | Reached skill level 1 in Bows
   988 | D:2      | Reached skill level 1 in Crossbows
   988 | D:2      | Reached skill level 1 in Throwing
   988 | D:2      | Reached skill level 1 in Armour
   988 | D:2      | Reached skill level 1 in Shields
   988 | D:2      | Reached skill level 1 in Unarmed Combat
   988 | D:2      | Reached skill level 1 in Evocations
  1027 | D:2      | Found a basalt altar of Yredelemnul.
  1046 | D:2      | Reached XP level 4. HP: 21/32 MP: 6/11
  1094 | D:2      | Noticed a -1 hand axe
  1095 | D:2      | Noticed a +0 hand axe
  1096 | D:2      | Found a hide-covered altar of Uskayaw.
  1663 | D:3      | Found a runed door.
  1713 | D:3      | Found a glowing silver altar of Zin.
  1736 | D:3      | Noticed Terence
  1753 | D:3      | Learned a level 3 spell: Confuse
  1757 | D:3      | Learned a level 3 spell: Tukima's Dance
  1805 | D:3      | Reached skill level 1 in Conjurations
  1805 | D:3      | Reached skill level 1 in Charms
  1805 | D:3      | Reached skill level 1 in Summonings
  1805 | D:3      | Reached skill level 1 in Necromancy
  1805 | D:3      | Reached skill level 1 in Translocations
  1805 | D:3      | Reached skill level 1 in Transmutations
  1805 | D:3      | Reached skill level 1 in Fire Magic
  1805 | D:3      | Reached skill level 1 in Ice Magic
  1805 | D:3      | Reached skill level 1 in Air Magic
  1805 | D:3      | Reached skill level 1 in Earth Magic
  1805 | D:3      | Reached skill level 1 in Poison Magic
  1930 | D:2      | Killed Terence
  1930 | D:2      | Reached XP level 5. HP: 30/37 MP: 1/12
  2047 | D:3      | Noticed Setanta's ghost (amateur OpAs)
  2441 | D:3      | Reached XP level 6. HP: 44/44 MP: 6/13
  2764 | D:4      | Found a burning altar of Makhleb.
  2820 | D:4      | Noticed an ice beast
  2821 | D:4      | Noticed CasualChangeling's ghost (amateur KoNe)
  2821 | D:4      | Noticed an ice beast
  2822 | D:4      | Found the +11 plutonium sword {*Contam Stlth-}
  2879 | D:4      | Reached skill level 5 in Dodging
  2936 | D:4      | Found a runed gate.
  2936 | D:4      | Found a runed gate.
  2944 | D:4      | Found a runed gate.
  3105 | D:4      | Reached XP level 7. HP: 12/50 MP: 15/15
  3737 | D:3      | HP: 2/50 [Setanta's ghost (2)]
  4259 | D:4      | Noticed Duvessa
  4259 | D:4      | Noticed Dowan
  4298 | D:4      | Killed Duvessa
  4299 | D:4      | Killed Dowan
  4557 | D:5      | Entered Level 5 of the Dungeon
  4639 | D:5      | Found a staircase to the Ecumenical Temple.
  4655 | Temple   | Entered the Ecumenical Temple
  4680 | Temple   | Became a worshipper of Dithmenos the Shadowed
  4695 | Temple   | Learned a level 4 spell: Cause Fear
  4869 | D:5      | Found a bloodstained altar of Trog.
  5041 | D:6      | Noticed a yak
  5041 | D:6      | Noticed a yak
  5125 | D:6      | Reached XP level 8. HP: 22/57 MP: 16/16
  5316 | D:6      | Found a sparkling altar of Nemelex Xobeh.
  5501 | D:6      | Noticed a yak
  5617 | D:6      | Found a radiant altar of Vehumet.
  5688 | D:6      | Noticed Blork the orc
  5701 | D:6      | Killed Blork the orc
  6162 | D:7      | Reached * piety under Dithmenos
  6258 | D:7      | Found Jogyif's Armour Boutique.
  6266 | D:7      | Bought a +0 buckler for 45 gold pieces
  6408 | D:7      | Found Ruplow's Antique Weapon Boutique.
  6464 | D:7      | Reached XP level 9. HP: 55/65 MP: 18/18
  6848 | D:7      | Found a hazy altar of Hepliaklqana.
  6912 | D:7      | Identified a scroll of acquirement
  6948 | D:7      | Gained mutation: Armour fits poorly on your strangely
                  | shaped body. [mutagenic glow]
  7320 | D:8      | Reached skill level 5 in Short Blades
  7351 | D:8      | Reached ** piety under Dithmenos
  7648 | D:9      | Noticed a two-headed ogre
  7662 | D:9      | Killed a two-headed ogre
  7662 | D:9      | Reached skill level 5 in Invocations
  7662 | D:9      | Reached XP level 10. HP: 73/73 MP: 10/20
  7673 | D:9      | Found a stormy altar of Qazlal.
  7768 | D:9      | Reached skill level 5 in Fighting
  7768 | D:9      | Reached skill level 5 in Long Blades
  7768 | D:9      | Reached skill level 5 in Axes
  7768 | D:9      | Reached skill level 5 in Maces & Flails
  7768 | D:9      | Reached skill level 5 in Polearms
  7768 | D:9      | Reached skill level 5 in Staves
  7768 | D:9      | Reached skill level 5 in Slings
  7768 | D:9      | Reached skill level 5 in Bows
  7768 | D:9      | Reached skill level 5 in Crossbows
  7768 | D:9      | Reached skill level 5 in Throwing
  7768 | D:9      | Reached skill level 5 in Armour
  7768 | D:9      | Reached skill level 5 in Shields
  7768 | D:9      | Reached skill level 5 in Unarmed Combat
  7768 | D:9      | Reached skill level 5 in Evocations
  8042 | D:9      | Noticed a two-headed ogre
  8061 | D:9      | Killed a two-headed ogre
  8078 | D:9      | Found an opulent altar of Gozag.
  8219 | D:9      | Reached *** piety under Dithmenos
  8233 | D:9      | Noticed a two-headed ogre
  8251 | D:9      | Killed a two-headed ogre
  8651 | D:9      | Reached XP level 11. HP: 81/81 MP: 22/22
  8685 | D:10     | Entered Level 10 of the Dungeon
  9115 | D:10     | Noticed a two-headed ogre
  9132 | D:10     | Killed a two-headed ogre
  9239 | D:10     | Noticed Nergalle
  9388 | D:10     | Noticed Snorg
  9447 | D:11     | Noticed Sonja
  9447 | D:11     | Noticed a cyclops
  9456 | D:11     | Reached skill level 5 in Conjurations
  9456 | D:11     | Reached skill level 5 in Charms
  9456 | D:11     | Reached skill level 5 in Summonings
  9456 | D:11     | Reached skill level 5 in Necromancy
  9456 | D:11     | Reached skill level 5 in Translocations
  9456 | D:11     | Reached skill level 5 in Transmutations
  9456 | D:11     | Reached skill level 5 in Fire Magic
  9456 | D:11     | Reached skill level 5 in Ice Magic
  9456 | D:11     | Reached skill level 5 in Air Magic
  9456 | D:11     | Reached skill level 5 in Earth Magic
  9456 | D:11     | Reached skill level 5 in Poison Magic
  9651 | D:11     | Noticed an eight-headed hydra
  9723 | D:11     | HP: 4/81 [eight-headed hydra (9)]
  9723 | D:11     | Mangled by an eight-headed hydra
